 Dungeon Crawl Stone Soup version 0.30-a0-760-g5a9884bb7c (webtiles) character file.

Game seed: 2495809179655238347

5332 Conn the Arsonist (level 10, -1/61 HPs)
             Began as an Octopode Fire Elementalist on Feb 11, 2023.
             Was a Priest of Sif Muna.
             Slain by a killer bee (5 damage)
             ... on level 8 of the Dungeon.
             The game lasted 00:19:20 (8631 turns).

Conn the Arsonist (Octopode Fire Elementalist)      Turns: 8631, Time: 00:19:21

Health: -1/61      AC:  1    Str:  7    XL:     10   Next: 64%
Magic:  11/31      EV: 14    Int: 21    God:    Sif Muna [***...]
Gold:   450        SH:  0    Dex: 14    Spells: 16/26 levels left

rFire   + . .      SeeInvis .    J - +1 dagger (protect)
rCold   + . .      Faith    .    (no shield)
rNeg    . . .      Spirit   .    (helmet restricted)
rPois   .          Reflect  .    (no amulet)
rElec   .          Harm     .    m - ring of magical power
rCorr   .          Rampage  .    n - ring of protection from cold
Will    .....                    h - ring of protection from fire
Stlth   ++++                     (no ring)
HPRegen 0.30/turn                (no ring)
MPRegen 0.22/turn                (no ring)
                                 (no ring)
                                 (no ring)

@: lethally poisoned (-1 -> -7)
A: almost no armour, amphibious, 8 rings, camouflage 1, gelatinous body 1,
(nimble swimmer 1), tentacles
a: Renounce Religion, Channel Magic, Forget Spell


You were on level 8 of the Dungeon.
You worshipped Sif Muna.
Sif Muna was most pleased with you.
You visited 2 branches of the dungeon, and saw 10 of its levels.
You also visited: Ossuary.

You collected 450 gold pieces.

Inventory:

Hand Weapons
 b - a +0 dagger
 g - a +0 flail of protection
 t - a +4 short sword
 J - a +1 dagger of protection (weapon)
Magical Staves
 e - a staff of cold
Jewellery
 h - a ring of protection from fire (on tentacle)
 m - a ring of magical power (left tentacle)
 n - a ring of protection from cold (right tentacle)
Wands
 s - a wand of flame (43)
 D - a wand of roots (10)
Scrolls
 a - 6 scrolls of blinking
 c - 3 scrolls of poison
 f - a scroll of noise
 k - a scroll of immolation
 l - 7 scrolls of teleportation
 p - 3 scrolls of enchant armour
 w - a scroll of acquirement {unknown}
 x - a scroll of magic mapping
 y - a scroll of torment {unknown}
 C - 2 scrolls of butterflies {unknown}
 H - a scroll of vulnerability {unknown}
 I - a scroll of silence {unknown}
Potions
 d - 2 potions of haste
 i - 4 potions of brilliance
 j - a potion of might
 o - 3 potions of curing
 q - 2 potions of resistance
 r - 2 potions of lignification
 u - a potion of heal wounds {unknown}
 v - 2 potions of mutation {unknown}
 z - a potion of cancellation {unknown}
 A - a potion of berserk rage {unknown}
 B - 2 potions of flight {unknown}
 E - 2 potions of invisibility
 F - a potion of ambrosia {unknown}
 G - a potion of attraction {unknown}


   Skills:
 + Level 2.7 Fighting
 + Level 0.3 Short Blades
 + Level 3.8 Maces & Flails
 + Level 0.2(2.3) Staves
 + Level 3.2 Dodging
 + Level 6.6 Stealth
 + Level 8.7 Spellcasting
 + Level 4.8 Conjurations
 + Level 1.5 Hexes
 + Level 9.3 Fire Magic
 + Level 0.2 Evocations


You had 16 spell levels left.
You knew the following spells:

 Your Spells              Type           Power      Damage    Failure   Level
a - Foxfire               Conj/Fire      100%       2x1d9     1%          1
c - Inner Flame           Hex/Fire       32%        N/A       2%          3
d - Flame Wave            Conj/Fire      38%        2d10      4%          4
e - Scorch                Fire           96%        2d10      1%          2

Your spell library contained the following spells:

 Spells                   Type           Power      Damage    Failure   Level
 Kindle Blastsparks       Fire/Tloc/Air  44%        2d13      6%          3
 Apportation              Tloc           18%        N/A       8%          1
 Necrotise                Necr           36%        1d5       8%          1
 Summon Small Mammal      Summ           36%        N/A       8%          1
 Animate Dead             Necr           9%         N/A       58%         4
 Haunt                    Necr/Summ      4%         N/A       100%        7
 Infestation              Necr           4%         N/A       100%        8


Dungeon Overview and Level Annotations

Branches:
Dungeon (9/15)             Temple (1/1) D:5         Ossuary (visited)
   Lair: D:8-11         Orc: D:9-12

Altars:
Ashenzari
Cheibriados
Elyvilon
Gozag
Hepliaklqana
Makhleb
Okawaru
Qazlal
Sif Muna
Uskayaw
Vehumet
Wu Jian
Xom
Yredelemnul
Zin
The Shining One

Shops:
D:6 =


Innate Abilities, Weirdness & Mutations

You cannot wear most types of armour.
You are amphibious.
You can wear up to eight rings at the same time.
Your skin changes colour to match your surroundings (Stealth+).
Your rubbery body absorbs attacks. (AC +1, EV +1)
((You are camouflaged when in or above water. (Stealth+)))
You have tentacles for arms and can constrict up to eight enemies at once.


Message History

The killer bee barely misses you. The killer bee closely misses you.
A wave of flame ripples out!
The flame wave engulfs the killer bee!
The killer bee is almost dead.
The flame wave engulfs the killer bee!
You kill the killer bee!
Sif Muna accepts your kill.
The flame wave engulfs the killer bee!
The killer bee is severely wounded.
You feel sick. The killer bee barely misses you.
A killer bee comes into view.
The killer bee moves out of view.
A wave of flame ripples out!
The flame wave engulfs the killer bee!
You kill the killer bee!
Sif Muna accepts your kill.
The flame wave engulfs the killer bee!
The killer bee is heavily wounded.
The flame wave engulfs the killer bee!
You kill the killer bee!
Sif Muna accepts your kill.
The flame wave engulfs the orc warrior.
The orc warrior is moderately wounded.
You finish channelling waves of flame.
You feel sick. The killer bee stings you.
* * * LOW HITPOINT WARNING * * *
The killer bee stings you but does no damage.
You feel sick.
You are no longer poisoned.
The killer bee barely misses you. The killer bee closely misses you.
You climb upwards.
There is a stone staircase leading down here.
Casting: Flame Wave (dangerous; 4% risk of failure)
Confirm with . or Enter, or press ? or * to list all spells.
Flames lash the killer bee.
The killer bee is almost dead.
The killer bee's fire resistance burns away.
The killer bee stings you!
* * * LOW HITPOINT WARNING * * *
You are lethally poisoned!
The killer bee poisons you! The killer bee stings you.
You die...

.####.# ......#
..##### ..#
######### .^#
#.......# ..#
######.#####.# ..#
#..........#.# ..#
#y####.###.#.#
..##############@#
#.#...#.#
.................#
#.#.###.#####
###############..#
#...# #......
..............#..#
##### #######
.#########..#.#>.#
.# #.....#[.# .#
#......<.# .#
#..###..## #####
.# #.......#
######...#


You could see a killer bee (combustible).

Vanquished Creatures
  A gargoyle (D:7)
  A hornet (D:7)
  Sigmund (D:4)
  A wyvern (D:8)
  8 yaks
  A steam dragon (D:8)
  Edmund (D:5)
  A water moccasin (D:7)
  2 ice beasts (D:7)
  3 orc warriors
  3 centaurs
  An ogre (D:5)
  A kobold brigand (D:8)
  2 phantoms
  A necrophage (D:6)
  A scorpion (D:5)
  5 wights (D:8)
  10 killer bees
  4 howler monkeys
  3 electric eels (D:4)
  3 bullfrog zombies (D:5)
  3 orc priests
  4 hounds (D:6)
  5 iguanas
  7 orc wizards
  A killer bee zombie (D:5)
  2 hound zombies (D:5)
  A mummy (Ossuary)
  11 adders
  A shadow imp (D:7)
  A white imp (D:7)
  2 ufetubi
  A worm (D:3)
  4 dart slugs
  24 orcs
  2 spectral bats (Ossuary)
  7 bats
  5 endoplasms
  A giant cockroach (D:3)
  12 gnoll zombies (Ossuary)
  6 goblins
  7 hobgoblins
  9 jackals
  8 kobolds
  4 quokkas
  7 ball pythons
  4 bat simulacra (Ossuary)
  A frilled lizard (D:2)
  5 goblin simulacra (Ossuary)
  6 goblin zombies (Ossuary)
  4 hobgoblin zombies (Ossuary)
  2 kobold simulacra (Ossuary)
  3 kobold zombies (Ossuary)
  5 orc zombies (Ossuary)
  13 rats
  2 rat simulacra (Ossuary)
  4 spectral goblins (Ossuary)
  2 spectral kobolds (Ossuary)
  5 spectral rats (Ossuary)
245 creatures vanquished.

Vanquished Creatures (collateral kills)
  9 foxfires
9 creatures vanquished.

Vanquished Creatures (others)
  531 foxfires
  A fungus (D:1)
532 creatures vanquished.

Grand Total: 786 creatures vanquished

Notes
Turn   | Place    | Note
-------+----------+-------------------------------------------
     0 | D:1      | Conn the Octopode Fire Elementalist began the quest for the
                  | Orb.
     0 | D:1      | Reached XP level 1. HP: 11/11 MP: 3/3
   186 | D:1      | Reached XP level 2. HP: 17/17 MP: 0/5
   620 | D:1      | Found a faded altar of an unknown god.
   634 | D:1      | Reached XP level 3. HP: 21/21 MP: 3/6
   637 | D:1      | Learned a level 2 spell: Scorch
   641 | D:1      | Learned a level 3 spell: Inner Flame
  1165 | D:2      | Reached XP level 4. HP: 27/27 MP: 4/7
  1774 | D:2      | Found an opulent altar of Gozag.
  2143 | D:3      | Reached XP level 5. HP: 13/32 MP: 1/9
  2644 | D:4      | Found a transporter.
  2730 | D:4      | Found a stormy altar of Qazlal.
  2788 | D:4      | Reached skill level 4 in Fire Magic
  3155 | D:4      | Found a transporter.
  3197 | D:4      | Reached XP level 6. HP: 37/37 MP: 11/11
  3462 | D:4      | Noticed Sigmund
  3471 | D:4      | Killed Sigmund
  3472 | D:4      | Reached XP level 7. HP: 33/42 MP: 13/13
  3557 | D:5      | Entered Level 5 of the Dungeon
  3579 | D:5      | Found a staircase to the Ecumenical Temple.
  3613 | Temple   | Entered the Ecumenical Temple
  3635 | Temple   | Became a worshipper of Sif Muna the Loreminder
  3721 | D:5      | Noticed Edmund
  3730 | D:5      | Killed Edmund
  3731 | D:5      | Reached skill level 5 in Spellcasting
  3731 | D:5      | Reached skill level 5 in Fire Magic
  3922 | D:5      | Reached skill level 1 in Fighting
  3922 | D:5      | Reached XP level 8. HP: 36/48 MP: 13/15
  4037 | D:5      | Found a basalt altar of Yredelemnul.
  4679 | D:6      | Found a glowing golden altar of the Shining One.
  4687 | D:6      | Reached skill level 5 in Stealth
  4687 | D:6      | Reached skill level 6 in Fire Magic
  4706 | D:6      | Found an opulent altar of Gozag.
  4934 | D:6      | Noticed a yak
  4936 | D:6      | Noticed a yak
  4936 | D:6      | Noticed a yak
  4956 | D:6      | Killed a yak
  4956 | D:6      | Killed a yak
  4957 | D:6      | Reached skill level 1 in Maces & Flails
  4957 | D:6      | Reached skill level 1 in Hexes
  4980 | D:6      | Killed a yak
  4981 | D:6      | Reached XP level 9. HP: 27/54 MP: 6/18
  5459 | D:6      | Found Xivu's Jewellery Shoppe.
  5524 | D:6      | Reached skill level 7 in Fire Magic
  5651 | D:7      | Reached * piety under Sif Muna
  5770 | D:7      | Noticed a hornet
  5778 | D:7      | Killed a hornet
  5846 | D:7      | Noticed a gargoyle
  5857 | D:7      | Killed a gargoyle
  5902 | D:7      | Found a sand-covered staircase.
  5907 | Ossuary  | Entered an ossuary
  6065 | Ossuary  | Reached ** piety under Sif Muna
  6147 | Ossuary  | Learned a level 4 spell: Flame Wave
  6419 | Ossuary  | Reached *** piety under Sif Muna
  6747 | D:7      | Reached skill level 8 in Fire Magic
  7152 | D:8      | Reached XP level 10. HP: 51/61 MP: 21/21
  8620 | D:9      | Reached skill level 9 in Fire Magic
  8631 | D:8      | Slain by a killer bee

Illustrated notes

Levels and vault maps discovered:
D:1:      minmay_arrival_statue_studded, layout_rooms,
          shapermc_ecumenical_altar_acropolis
D:2:      layout_basic, basic_altar, serial_rivers,
          chequers_serial_rivers_small_3, chequers_serial_rivers_small_b,
          chequers_serial_rivers_marsh, chequers_serial_rivers_room_a,
          minmay_fractal_squares_5
D:3:      layout_rooms
D:4:      gammafunk_steamed_eel, layout_basic, nicolae_qazlal_general_emergency,
          chequers_serial_rivers_large_a, uniq_sigmund
D:5:      layout_basic, nicolae_yredelemnul_corpse_copse,
          minmay_temple_entry_large_hall, uniq_edmund
D:6:      layout_gridville, jmf_multi_god_temple, nicolae_water_bricks,
          minmay_shop_grid_forest
D:7:      layout_basic, nicolae_ossuary_entry_false_entrances, kennysheep_potato
D:8:      layout_basic
D:9:      layout_rooms, fedhas_altar_4, mainiacjoe_overflow_paths,
          mainiacjoe_overflow_six_doors_small, orc_0_dummy
Temple:   compressed_dpeg_triangle_lava_temple

Skill      XL: |  1  2  3  4  5  6  7  8  9 10 |
---------------+-------------------------------+-----
Stealth        | 3 4 5 6 |  6.6
Conjurations   | 2 3 4 |  4.8
Spellcasting   | 3 4 5 6 7 8 |  8.7
Fire Magic     | 4 5 6 8 9 |  9.3
Fighting       | 1 2 |  2.7
Maces & Flails | 1 3 |  3.8
Hexes          | 1 |  1.5
Dodging        | 3 |  3.2
Short Blades   | |  0.3
Staves         | |  0.2
Evocations     | |  0.2

Action                     |  1- 3 |  4- 6 |  7- 9 | 10-12 || total
---------------------------+-------+-------+-------+-------++-------
  Melee: Unarmed           |     5 |       |       |       ||     5
         Dagger            |    16 |    10 |       |       ||    26
         Constrict         |     7 |     2 |    20 |     2 ||    31
         Tentacles         |     1 |     2 |    26 |     1 ||    30
         Short sword       |       |     1 |     5 |       ||     6
         Flail             |       |       |    87 |     6 ||    93
         Staff             |       |       |     7 |       ||     7
         Punch             |       |       |     2 |     2 ||     4
   Cast: Foxfire           |    58 |   107 |   118 |    22 ||   305
         Scorch            |       |     7 |    64 |    19 ||    90
         Inner Flame       |       |       |     8 |     1 ||     9
         Flame Wave        |       |       |     5 |     7 ||    12
  Evoke: Wand              |       |       |       |     3 ||     3
    Use: Scroll            |       |     7 |     5 |     1 ||    13
         Potion            |       |     4 |     2 |     1 ||     7
   Stab: Sleeping          |     4 |     4 |    19 |       ||    27
 Armour: Skin              |     1 |     1 |    34 |     2 ||    38
  Dodge: Dodged            |    13 |    25 |    82 |    19 ||   139

Table legend: (Time is in decaauts)
 A = Elapsed time spent in this place.
 B = Non-inter-level travel time spent in this place.
 C = Inter-level travel time spent in this place.
 D = Time resting spent in this place.
 E = Time spent auto-exploring this place.
 F = Levels seen in this place.
 G = Mean time per level.
                   A        B        C        D        E       F      G
               +--------+--------+--------+--------+--------+-----+--------+
         Total |   8637 |   8430 |    207 |    268 |   6067 |  11 |  785.2 |
       Dungeon |   7954 |   7756 |    198 |    268 |   5732 |   9 |  883.8 |
        Temple |     37 |     28 |      9 |      0 |      0 |   1 |   37.0 |
       Ossuary |    645 |    645 |      0 |      0 |    335 |   1 |  645.0 |
               +--------+--------+--------+--------+--------+-----+--------+

Top non-repeatable levels by time:
     D:8: 1289 daAuts
     D:2: 1260 daAuts
     D:6: 1115 daAuts
     D:7: 1044 daAuts
     D:4: 963 daAuts
     D:5: 934 daAuts
     D:1: 722 daAuts
 Ossuary: 645 daAuts
     D:3: 607 daAuts
  Temple: 37 daAuts
     D:9: 16 daAuts
